 Dungeon Crawl Stone Soup version 0.32-a0-913-g739538afd8 (webtiles) character file.

Game seed: 14549324216392497669

1187 dialectric the Trooper (level 8, -1/71 HPs)
             Began as a Minotaur Fighter on Apr 8, 2024.
             Slain by a lemure (6 damage)
             ... led by Pikel
             ... on level 5 of the Dungeon.
             The game lasted 00:04:08 (3942 turns).

dialectric the Trooper (Minotaur Fighter)           Turns: 3942, Time: 00:04:08

Health: -1/71      AC:  7    Str: 22    XL:     8   Next: 19%
Magic:  7/7        EV: 10    Int:  5    God:
Gold:   211        SH:  0    Dex: 11    Spells: 7/7 levels left

rFire   + . .        u - +7 battleaxe of Doom {freeze, rF+}
rCold   . . .        (shield currently unavailable)
rNeg    . . .        b - +0 scale mail
rPois   .            (helmet restricted)
rElec   .            (no cloak)
rCorr   .            (no gloves)
SInv    .            (no boots)
Will    .....        (no amulet) Stlth
                     (no ring)
HPRegen 0.31/turn    (no ring)
MPRegen 0.10/turn

%: no passive effects
@: no status effects
A: horns 2, retaliatory headbutt
a: no special abilities


You were on level 5 of the Dungeon.
You visited 1 branch of the dungeon, and saw 5 of its levels.
You also visited: Ossuary.

You collected 244 gold pieces.
You spent 33 gold pieces at shops.

Inventory:

Hand Weapons
 g - a +2 whip of electrocution
 u - the +7 battleaxe of Doom (weapon) {freeze, rF+}
   (You found it on level 3 of the Dungeon)

   rF+:       It protects you from fire.
 B - a +2 heavy dire flail
 D - a +2 war axe of venom
Missiles
 e - 14 poisoned darts (quivered)
Armour
 b - a +0 scale mail (worn)
 c - a +0 buckler
Jewellery
 f - a +5 ring of evasion
 n - a ring of flight
 C - a ring of ice
Scrolls
 h - 3 scrolls of poison
 i - 2 scrolls of teleportation {unknown}
 j - 3 scrolls of fog {unknown}
 m - a scroll of butterflies {unknown}
 p - a scroll of torment {unknown}
 q - 2 scrolls of enchant armour {unknown}
 t - a scroll of vulnerability {unknown}
 v - 6 scrolls of noise
 w - a scroll of identify
 y - a scroll of blinking {unknown}
 A - a scroll of amnesia {unknown}
Potions
 a - 5 potions of degeneration
 d - 3 potions of might
 k - 4 potions of mutation
 l - 4 potions of curing
 o - a potion of brilliance
 r - 2 potions of heal wounds
 s - 3 potions of haste
 x - 2 potions of cancellation {unknown}
 z - a potion of resistance {unknown}


   Skills:
 + Level 6.9 Fighting
 + Level 4.2(5.1) Axes
 - Level 4.2(5.1) Maces & Flails
 + Level 6.9 Armour
 + Level 5.1 Dodging
 - Level 3.6 Shields


You had 7 spell levels left.
You didn't know any spells.
Your spell library contained the following spells:

 Spells                   Type           Power      Damage    Failure   Level
 Apportation              Tloc           0%         N/A       77%         1
 Kiss of Death            Conj/Necr      0%         2d5       77%         1
 Jinxbite                 Hex            0%         N/A       88%         2
 Lesser Beckoning         Tloc           0%         N/A       88%         2
 Confusing Touch          Hex            0%         N/A       98%         3
 Maxwell's Portable Pile  Tloc           0%         2d(5-13)  98%         3
 Teleport Other           Tloc           0%         N/A       98%         3
 Dispel Undead            Necr           0%         3d6       100%        4
 Olgreb's Toxic Radiance  Alch           0%         N/A       100%        4
 Alistair's Intoxication  Alch           0%         N/A       100%        5
 Ozocubu's Refrigeration  Ice            0%         4d7       100%        7
 Discord                  Hex            0%         N/A       100%        8


Dungeon Overview and Level Annotations

Branches:
Dungeon (5/15)            Ossuary (visited)
 Temple: D:4-7

Altars:
Hepliaklqana
Makhleb
Nemelex Xobeh
Xom

Shops:
D:1 !


Innate Abilities, Weirdness & Mutations

You have a pair of horns on your head.
You reflexively headbutt those who attack you in melee.


Message History

You barely miss the lemure. Duvessa hits you with a +0 short sword!
* * * LOW HITPOINT WARNING * * *
The lemure hits you.
* * * LOW HITPOINT WARNING * * *
Duvessa hits you but does no damage.
You slice Duvessa!! You freeze Duvessa.
You kill Duvessa!
You miss the lemure. The lemure hits you but does no damage.
The lemure closely misses you. You furiously retaliate!
You headbutt the lemure!
Unknown command.
You slice the lemure!! You freeze the lemure.
The lemure is almost dead.
You slash the lemure! You freeze the lemure.
The lemure hits you but does no damage. x2; The lemure barely misses you.
Unknown command.
Unknown command.
You closely miss the lemure. You headbutt the lemure.
You kill the lemure!
That felt strangely unrewarding.
You barely miss the lemure. The lemure hits you!
* * * LOW HITPOINT WARNING * * *
The lemure hits you but does no damage.
You slash the lemure! You freeze the lemure. Your headbutt misses the lemure.
The lemure is moderately wounded.
You slash the lemure! You freeze the lemure.
You kill the lemure!
That felt strangely unrewarding.
The lemure barely misses you.
Unknown command.
Unknown command.
You barely miss the lemure.
The lemure is moderately wounded.
The lemure closely misses you.
Unknown command.
You hit the lemure. You freeze the lemure.
The lemure is heavily wounded.
The lemure hits you.
* * * LOW HITPOINT WARNING * * *
The lemure hits you.
You die...

#....... ###..
##....... ....##.#
#........###.#..#.#
#>....##..##.......
#...)..#...........
#....<.............
###....#...........
##..#.............
#@#...#...........
#.5.#....#...#....
#.#...#..#...##..#
##..#....#...#..##
#..............#.
##.............##
##........#.....#
#....##...#....##
##..##...#.....#


You could see a lemure.

Vanquished Creatures
  Sigmund (D:3)
  Edmund (D:4)
  Duvessa (D:5)
  An ogre (D:5)
  3 lemures (D:5)
  A weeping skull (Ossuary)
  An elf zombie (Ossuary)
  A phantom (D:5)
  A burial acolyte (Ossuary)
  Dowan (D:5)
  A crimson imp (D:4)
  A hound (D:5)
  An orc priest (D:4)
  4 orc wizards
  6 mummies
  Robin (D:2)
  4 adders
  A dart slug (D:2)
  3 ribbon worms
  12 orcs
  3 bats
  7 endoplasms
  2 giant cockroaches
  2 gnoll zombies (Ossuary)
  13 goblins
  10 hobgoblins
  2 jackals (D:1)
  5 kobolds
  2 quokkas (D:2)
  7 ball pythons
  4 frilled lizards
  2 kobold zombies (Ossuary)
  3 orc zombies (Ossuary)
  6 rats
114 creatures vanquished.

Notes
Turn   | Place    | Note
-------+----------+-------------------------------------------
     0 | D:1      | dialectric the Minotaur Fighter began the quest for the
                  | Orb.
     0 | D:1      | Reached XP level 1. HP: 19/19 MP: 0/0
   131 | D:1      | Reached XP level 2. HP: 24/27 MP: 1/1
   536 | D:1      | Found Cetal's Distillery.
   539 | D:1      | Reached skill level 1 in Dodging
   564 | D:1      | Bought a potion of curing for 33 gold pieces
   756 | D:2      | Reached XP level 3. HP: 27/33 MP: 2/2
   805 | D:2      | Noticed Robin
   929 | D:3      | Noticed Sigmund
   941 | D:3      | Killed Sigmund
   942 | D:3      | Reached XP level 4. HP: 15/41 MP: 3/3
   942 | D:3      | Reached XP level 5. HP: 17/47 MP: 4/4
  1407 | D:2      | Killed Robin
  1408 | D:2      | Reached skill level 5 in Fighting
  1408 | D:2      | Reached skill level 5 in Armour
  2012 | D:3      | Identified the +7 battleaxe of Doom {freeze, rF+}
  2031 | D:3      | Found a hazy altar of Hepliaklqana.
  2097 | D:3      | Reached XP level 6. HP: 53/56 MP: 5/5
  2109 | D:3      | Found a sparkling altar of Nemelex Xobeh.
  2548 | D:4      | Found a burning altar of Makhleb.
  2548 | D:4      | Found a shimmering altar of Xom.
  2565 | D:4      | Reached skill level 1 in Axes
  2933 | D:4      | Noticed Edmund
  2944 | D:4      | Killed Edmund
  3400 | D:5      | Entered Level 5 of the Dungeon
  3423 | D:5      | Reached XP level 7. HP: 62/62 MP: 6/6
  3543 | D:5      | Found a sand-covered staircase.
  3554 | Ossuary  | Entered an ossuary
  3731 | Ossuary  | Reached XP level 8. HP: 71/71 MP: 7/7
  3922 | D:5      | Noticed Duvessa
  3922 | D:5      | Noticed Dowan
  3928 | D:5      | Killed Dowan
  3929 | D:5      | Reached skill level 5 in Dodging
  3937 | D:5      | Killed Duvessa
  3942 | D:5      | Slain by a lemure

Illustrated notes

Levels and vault maps discovered:
D:1:      minmay_arrival_four_circles, layout_basic, serial_shops,
          nicolae_lakefront_shop
D:2:      layout_basic, grunt_decor_mini_mirrors, uniq_robin
D:3:      layout_loops_ring, nicolae_hepliaklqana_hazy_memory,
          nemelex_xobeh_ov_fountains_minmay, uniq_sigmund
D:4:      layout_loops_corners, grunt_temple_overflow_champion_of_chaos,
          uniq_edmund
D:5:      layout_cave_pools, nicolae_dithmenos_shadow_blocks,
          gup_ossuary_entry_pyramid, hex_tiny, uniq_duvessa,
          uniq_crazy_yiuf_cottage, uniq_pikel

Skill      XL: |  1  2  3  4  5  6  7  8 |
---------------+-------------------------+-----
Dodging        | 1 2 3 4 5 |  5.1
Fighting       | 4 5 6 |  6.9
Maces & Flails | 3 4 |  4.2
Armour         | 4 5 6 |  6.9
Axes           | 2 3 4 |  4.2
Shields        | |  3.6

Action                     |  1- 3 |  4- 6 |  7- 9 || total
---------------------------+-------+-------+-------++-------
  Melee: Flail             |    81 |    30 |       ||   111
         Headbutt          |    11 |    21 |    12 ||    44
         Whip              |       |    74 |       ||    74
         War axe           |       |     2 |    19 ||    21
         Battleaxe         |       |       |    47 ||    47
  Throw: Dart              |       |     2 |       ||     2
    Use: Scroll            |       |     4 |       ||     4
         Potion            |       |     2 |       ||     2
 Armour: Scale mail        |    87 |    57 |    59 ||   203
  Dodge: Dodged            |    53 |    31 |    40 ||   124
  Block: Buckler           |     1 |       |       ||     1

Table legend: (Time is in decaauts)
 A = Elapsed time spent in this place.
 B = Non-inter-level travel time spent in this place.
 C = Inter-level travel time spent in this place.
 D = Time resting spent in this place.
 E = Time spent auto-exploring this place.
 F = Levels seen in this place.
 G = Mean time per level.
                   A        B        C        D        E       F      G
               +--------+--------+--------+--------+--------+-----+--------+
         Total |   3987 |   3872 |    115 |     27 |   3031 |   6 |  664.5 |
       Dungeon |   3734 |   3619 |    115 |     27 |   2891 |   5 |  746.8 |
       Ossuary |    252 |    252 |      0 |      0 |    140 |   1 |  252.0 |
               +--------+--------+--------+--------+--------+-----+--------+

Top non-repeatable levels by time:
     D:4: 1117 daAuts
     D:3: 805 daAuts
     D:1: 760 daAuts
     D:2: 734 daAuts
     D:5: 316 daAuts
 Ossuary: 252 daAuts
